Unix NetHack Version 5.0.0-0 post-release - last build Jul 14 2026 02:55:29 (1809b74e8187c3a3585e283601c3028b46cbbdcb,branch:main).

Game began 2026-07-16 00:31:20, ended 2026-07-16 01:07:09.

Jinnora, neutral female human Wizard

  -----         ---------
  |<..---  ------.......--    -------
  |.....---|.........--[.|    |.....|
  --..|....|.---------|%.|    |.@@.)|
   --.|-.....----     |..|    |.....|
    --|.........|     |.)--   ---|---
       ---.|....|    --[..--    |G|
         -----..|    |.....---- |.|
             |..|    ......)..---)--
             --.|     --........)..---
              |.|      |...|...........
              ---        ----...---....
                            --.. |..--- ..
                                 ...|     |
                                  .--


                                     ..
                                      ..

Jinnora the Thaumaturge   St:4 Dx:12 Co:16 In:18 Wi:9 Ch:11  Neutral
Dlvl:7  $:107 HP:25(55) Pw:2(48) AC:8  Xp:6/560 T:2057  Burdened

Latest messages:
 The kitten picks up a crossbow bolt.
 The kitten drops a crossbow bolt.
 A crossbow bolt lands on the altar.
 The kitten picks up a crossbow bolt.
 You are in full health.
 You see here a crossbow bolt.
 The snake bites!
 In what direction? 7
 The spell hits the snake!
 The snake bites!
 The kitten misses the snake.
 The kitten misses the snake.
 In what direction? 7
 The spell misses the snake.
 The snake bites!
 The kitten misses the snake.
 The snake bites!
 The kitten misses the snake.
 In what direction? 7
 The spell misses the snake.
 The snake bites!
 The kitten bites the snake.
 The snake bites the kitten.
 In what direction? 7
 The spell misses the snake.
 The snake bites!
 The kitten drops a crossbow bolt.
 You miss the snake.
 The snake bites!
 The snake's bite was poisoned!
 Your movements are slowed slightly because of your load.
 You feel weaker!
 The snake bites!
 You miss the snake.
 The snake bites!
 You kill the snake!
 You see here a snake corpse.
 You have a little trouble lifting S - a snake corpse.
 The kitten picks up a crossbow bolt.
 You hear some noises.
 You hear some noises in the distance.
 You experience a sense of peace.
 There is an altar to Thoth (neutral) here.
 You see here an uncursed crossbow bolt.
 What do you want to sacrifice? [uS or ?*] S
 Your sacrifice is consumed in a plume of smoke!
 You glimpse a four-leaf clover at your feet.
 It bites the gnomish wizard.
 Really quit without saving? [yn] (n) y
 Do you want your possessions identified? [ynq] (y) q

Inventory:
 Coins    ('$')
  $ - 107 gold pieces
 Weapons  (')')
  P - 3 blessed +1 darts
  L - 12 uncursed +0 darts
  A - 3 uncursed +0 daggers
  N - a cursed -1 dagger
  J - an uncursed +0 elven dagger
  a - a blessed +1 quarterstaff (weapon in hands)
 Armor    ('[')
  v - an uncursed +0 pair of elven boots (being worn)
  b - a blessed +0 cloak of magic resistance (being worn)
 Comestibles  ('%')
  q - 2 uncursed slime molds
  x - an uncursed cream pie
  u - an uncursed lichen corpse
 Scrolls  ('?')
  E - an uncursed scroll of blank paper
  w - an uncursed scroll of confuse monster
  o - an uncursed scroll of enchant armor
  k - an uncursed scroll of identify
  j - an uncursed scroll of light
  i - an uncursed scroll of teleportation
 Spellbooks  ('+')
  r - an uncursed spellbook of create monster
  l - a blessed spellbook of force bolt
  m - an uncursed spellbook of magic missile
  s - an uncursed spellbook of stone to flesh
 Potions  ('!')
  g - an uncursed potion of extra healing
  f - an uncursed potion of fruit juice
  h - an uncursed potion of invisibility
  Q - an uncursed potion of object detection
  H - a cursed potion of restore ability
 Rings    ('=')
  d - an uncursed ring of cold resistance
  e - an uncursed ring of shock resistance
 Wands    ('/')
  I - an uncursed wand of digging (0:4)
  c - an uncursed wand of magic missile (0:4)
  p - an uncursed wand of secret door detection (0:12)
  y - an uncursed wand of undead turning (0:7)
 Tools    ('(')
  M - an uncursed blindfold
  C - an uncursed magic marker (0:59)
  n - an uncursed magic marker (0:19)
  G - an uncursed oil lamp (lit)
  R - an uncursed partly used tallow candle
 Gems/Stones  ('*')
  t - an uncursed jade stone
  F - an uncursed obsidian stone
  D - an uncursed worthless piece of orange glass
  K - an uncursed worthless piece of red glass
  z - an uncursed worthless piece of violet glass
  O - an uncursed worthless piece of yellow glass
  B - a cursed worthless piece of yellow glass

Jinnora the Wizard's attributes:

Background:
 You were a Thaumaturge, a level 6 female human Wizard.
 You were neutral, on a mission for Thoth
 who was opposed by Ptah (lawful) and Anhur (chaotic).
 You were right-handed.
 You were in the Gnomish Mines, on level 7.
 You entered the dungeon 2057 turns ago.
 It was nighttime.
 There was a new moon in effect when your adventure ended.
 You had 560 experience points, 80 more were needed to attain level 7.

Basics:
 You had 25 out of 55 hit points.
 You had 2 out of 48 energy points (spell power).
 Your armor class was 8.
 Your wallet contained 107 zorkmids.
 Autopickup was off.

Final Characteristics:
 Your strength was 4 (peak:9, limit:18/100).
 Your dexterity was 12 (limit:18).
 Your constitution was 16 (limit:18).
 Your intelligence was 18 (limit:18).
 Your wisdom was 9 (limit:18).
 Your charisma was 11 (limit:18).

Final Status:
 You weren't hungry.
 You were burdened; movement was slightly slowed.
 You were wielding a quarterstaff.
 You had basic skill with quarterstaff.

Final Attributes:
 You were devoutly aligned.
 You were magic-protected.
 You were stealthy.
 You were warded.
 You were lucky.
 You survived.

Miscellaneous:
 You didn't encounter any bones levels.
 Total elapsed playing time was 35 minutes and 48 seconds.

Major events:
 Turn
    1: Jinnora the neutral female human Wizard entered the dungeon
  538: attained the rank of Conjurer (level 3)
  592: entered the Gnomish Mines
 1557: attained the rank of Thaumaturge (level 6)
 1750: reached Mine Town
 2057: quit

Spells:
 Name                 Level Category     Fail Retention
 force bolt             1   attack         0%   81%-90%
 magic missile          2   attack         0%   81%-90%
 create monster         2   clerical      31%  76%-100%
 stone to flesh         3   healing       71%  76%-100%

Skills:
 Fighting Skills
   bare handed combat [Unskilled]
   riding             [Unskilled]
 Weapon Skills
   dagger             [Unskilled]
   knife              [Unskilled]
   axe                [Unskilled]
   short sword        [Unskilled]
   club               [Unskilled]
   mace               [Unskilled]
   quarterstaff       [Basic]
   polearms           [Unskilled]
   spear              [Unskilled]
   trident            [Unskilled]
   sling              [Unskilled]
   dart               [Unskilled]
   shuriken           [Unskilled]
 Spellcasting Skills
   attack spells      [Basic]
   healing spells     [Unskilled]
   divination spells  [Unskilled]
   enchantment spells [Basic]
   clerical spells    [Unskilled]
   escape spells      [Unskilled]
   matter spells      [Unskilled]

Voluntary challenges:
 Character rerolling was not enabled.
 You never genocided any monsters.
 You never polymorphed an object.
 You never changed form.
 You used no wishes.
Achievements:
 You attained the rank of Conjurer.
 You entered the Gnomish Mines.
 You attained the rank of Thaumaturge.
 You entered Minetown.
 You entered a temple.

 The Dungeons of Doom: levels 1 to 4
    Level 1:
       A fountain.
    Level 2:
       Some fountains, a sink.
    Level 3:
       A fountain.
       Stairs down to The Gnomish Mines.
    Level 4:
 The Gnomish Mines: levels 4 to 7
    Level 4:
    Level 5:
    Level 6:
    Level 7: <- You were here.
       A temple and an altar to Thoth.


Vanquished creatures:
  a large mimic
  a leprechaun
  a gnome ruler
  a snake
  a rock piercer
  5 gnome leaders
  a ghoul
  a paper golem
  8 dwarves
  a homunculus
  a kobold leader
  3 rothes
  2 iguanas
  2 hobbits
  a brown mold
 30 gnomes
  a fox
  a sewer rat
  9 grid bugs
  2 lichens
  a kobold zombie
  3 newts
77 creatures vanquished.

No species were genocided or became extinct.

Goodbye Jinnora the Wizard...

You quit in The Gnomish Mines on dungeon level 7 with 2657 points,
and 107 pieces of gold, after 2057 moves.
You were level 6 with a maximum of 55 hit points when you quit.

